 Dungeon Crawl Stone Soup version 0.24-a0-584-g9d6b971ae4 (webtiles) character file.

Game seed: 12364981928656883620, levelgen mode: deterministic

89 Gynju the Conjurer (level 4, -10/24 HPs)
             Began as a Deep Elf Conjurer on Sept 6, 2019.
             Shot with an arrow by a centaur (11 damage)
             ... on level 2 of the Dungeon.
             The game lasted 00:01:36 (1571 turns).

Gynju the Conjurer (Deep Elf Conjurer)              Turns: 1571, Time: 00:01:37

Health: -10/24     AC:  2    Str:  5    XL:     4   Next: 31%
Magic:  10/12      EV: 13    Int: 21    God:
Gold:   52         SH:  0    Dex: 15    Spells: 11/12 levels left

rFire    . . .     SeeInvis .   k - +0 falchion
rCold    . . .     Gourm    .   (no shield)
rNeg     . . .     Faith    .   a - +0 robe
rPois    .         Spirit   .   (no helmet)
rElec    .         Reflect  .   (no cloak)
rCorr    .         Harm     .   (no gloves)
MR       .....                  (no boots)
Stlth    ++........             (no amulet)
HPRegen  0.08/turn              (no ring)
MPRegen  0.13/turn              (no ring)

@: no status effects
A: no striking features
a: no special abilities


You were on level 2 of the Dungeon.
You were not hungry.

You visited 1 branch of the dungeon, and saw 2 of its levels.

You collected 52 gold pieces.

Inventory:

Hand Weapons
 k - a +0 falchion (weapon)
Missiles
 j - 7 silver javelins (quivered)
Armour
 a - a +0 robe (worn)
Jewellery
 i - a cursed -2 ring of protection {unknown}
Scrolls
 e - 2 scrolls of teleportation {unknown}
 f - a scroll of amnesia {unknown}
 g - 2 scrolls of identify {unknown}
 h - a scroll of magic mapping {unknown}
Potions
 d - a potion of heal wounds {unknown}
 l - a potion of brilliance {unknown}
 m - a potion of resistance {unknown}
Comestibles
 b - 4 chunks of flesh
 c - 7 rations


   Skills:
 - Level 2.4 Dodging
 - Level 2.4 Stealth
 + Level 4.9 Spellcasting
 + Level 5.5 Conjurations


You had 11 spell levels left.
You knew the following spells:

 Your Spells              Type           Power        Failure   Level  Hunger
a - Magic Dart            Conj           ####         1%          1    None

Your spell library contained the following spells:

 Spells                   Type           Power        Failure   Level  Hunger
 Searing Ray              Conj           ####..       1%          2    None
 Dazzling Spray           Conj/Hex       ###...       11%         3    ##.....
 Iskenderun's Mystic Bla  Conj           ####....     11%         4    ####...
 Force Lance              Conj/Tloc      ###.....     34%         4    ####...
 Fulminant Prism          Conj/Hex       ###.......   34%         4    ####...


Dungeon Overview and Level Annotations

Branches:
Dungeon (2/15)

Altars:
Okawaru
Yredelemnul


Message History

You see here 3 arrows.
Casting: Magic Dart (safe; 1% risk of failure)
Confirm with . or Enter, or press ? or * to list all spells.
Aiming: Magic Dart (safe; 1% risk of failure)
Press: ? - help, Shift-Dir - straight line, f - centaur
Aim: a centaur, wielding a +0 shortbow The magic dart hits the centaur.
The centaur is lightly wounded.
The centaur shoots an arrow.
The arrow hits you.
* * * LOW HITPOINT WARNING * * *
An adder comes into view.
Casting: Magic Dart (safe; 1% risk of failure)
Confirm with . or Enter, or press ? or * to list all spells.
Aiming: Magic Dart (safe; 1% risk of failure)
Press: ? - help, Shift-Dir - straight line, f/p - centaur
Aim: a centaur, wielding a +0 shortbow (lightly wounded)
The magic dart hits the centaur.
The centaur is moderately wounded.
The centaur shoots an arrow.
The arrow hits you!
You die...

##.....###'#### #.....#
#..###.##.....####.###.#
#..#⌠#.................#####
#..###..........>...........
#...........................
#..####...........##..#.....
##.............[..##..# ....
######...........##..# ...
#...(.(@...c..S.# ..
#####.##+#.###... . ...#.#
.#.# ..... ##.#.##.#.# .c...
#.......#.# c.....
#.###.....#.# #.........#
#####.....# #.....#


You could see a centaur and an adder.

Vanquished Creatures
  Terence (D:2)
  An adder (D:2)
  A gnoll (D:1)
  A worm (D:2)
  A dart slug (D:2)
  A leopard gecko (D:1)
  11 goblins
  5 hobgoblins
  4 kobolds (D:1)
  4 ball pythons
  5 bats (D:1)
  3 frilled lizards
  A rat (D:1)
39 creatures vanquished.

Notes
Turn   | Place    | Note
-------+----------+-------------------------------------------
     0 | D:1      | Gynju the Deep Elf Conjurer began the quest for the Orb.
     0 | D:1      | Reached XP level 1. HP: 10/10 MP: 6/6
   138 | D:1      | Found an iron altar of Okawaru.
   201 | D:1      | Reached XP level 2. HP: 15/15 MP: 4/8
   758 | D:1      | Reached skill level 5 in Conjurations
   758 | D:1      | Reached XP level 3. HP: 19/19 MP: 7/10
  1171 | D:2      | Found a basalt altar of Yredelemnul.
  1513 | D:2      | Noticed Terence
  1514 | D:2      | Noticed a centaur
  1526 | D:2      | Killed Terence
  1526 | D:2      | Reached XP level 4. HP: 24/24 MP: 6/12
  1570 | D:2      | HP: 1/24 [centaur/arrow (6)]
  1571 | D:2      | Shot with an arrow by a centaur

Levels and vault maps discovered:
D:1:      kilobyte_arrival_exit_the_forest, layout_loops_cross,
          okawaru_ov_weapons_minmay
D:2:      layout_basic, grunt_temple_overflow_holy_war, first_ration,
          feat_on_display, uniq_jessica, uniq_robin, uniq_terence

Skill      XL: |  1  2 |
---------------+-------+-----
Spellcasting   | 4 |  4.9
Conjurations   | 5 |  5.5
Dodging        | |  2.4
Stealth        | |  2.4

Action                   |  1- 3 |  4- 6 || total
-------------------------+-------+-------++-------
 Cast: Magic Dart        |    76 |     3 ||    79
  Eat: Chunk             |     2 |       ||     2
Armor: Robe              |     2 |       ||     2
Dodge: Dodged            |     6 |     1 ||     7

Table legend:
 A = Non-vault XP
 B = Vault XP
 C = Vault XP percentage of total XP
 D = Non-vault monster count
 E = Vault monster count
 F = Vault count percentage of total count
                 A         B        C        D         E       F
            +---------+---------+-------+---------+---------+-------
      Total |      75 |      53 |  41.4 |      29 |      10 |  25.6
            +---------+---------+-------+---------+---------+-------
        D:1 |      42 |       0 |   0.0 |      20 |       0 |   0.0
        D:2 |      33 |      53 |  61.6 |       9 |      10 |  52.6
            +---------+---------+-------+---------+---------+-------
